 Dungeon Crawl Stone Soup version 0.24.1-14-gf8d2b509d9 (console) character file.

Game seed: 14271945881836311384, levelgen mode: deterministic

865 Kagalorn the Protected (level 7, 0/61 HPs)
             Began as a Minotaur Wanderer on July 24, 2021.
             Slain by an ice beast (8 damage)
             ... on level 5 of the Dungeon.
             The game lasted 00:09:04 (4393 turns).

Kagalorn the Protected (Minotaur Wanderer)          Turns: 4393, Time: 00:09:04

Health: 0/61       AC: 10    Str: 19    XL:     7   Next: 72%
Magic:  6/6        EV: 11    Int:  9    God:
Gold:   189        SH:  0    Dex:  9    Spells: 6/6 levels left

rFire    . . .     SeeInvis .   a - +0 quarterstaff
rCold    . . .     Gourm    .   (shield currently unavailable)
rNeg     . . .     Faith    .   d - +2 scale mail
rPois    .         Spirit   .   (helmet restricted)
rElec    .         Reflect  .   (no cloak)
rCorr    .         Harm     .   (no gloves)
MR       .....                  (no boots)
Stlth    ..........             (no amulet)
HPRegen  0.20/turn              (no ring)
MPRegen  0.10/turn              (no ring)

@: no status effects
A: retaliatory headbutt, horns 2
a: no special abilities


You were on level 5 of the Dungeon.
You were very hungry.

You visited 1 branch of the dungeon, and saw 5 of its levels.

You collected 189 gold pieces.

Inventory:

Hand Weapons
 a - a +0 quarterstaff (weapon)
 n - a +0 halberd
 r - a +0 hand axe
Missiles
 h - 169 stones (quivered)
Armour
 d - a +2 scale mail (worn)
Scrolls
 e - 5 scrolls of remove curse {unknown}
 g - a scroll of fear {unknown}
 l - a scroll of blinking
 m - 3 scrolls of teleportation
Potions
 b - a potion of curing
 c - 6 potions of lignification
 j - a potion of magic {unknown}
 k - a potion of cancellation {unknown}
 p - a potion of heal wounds {unknown}
 q - a potion of haste {unknown}
 s - a potion of resistance {unknown}
 t - a potion of berserk rage
Comestibles
 f - 4 rations


   Skills:
 + Level 5.5 Fighting
 * Level 4.1 Axes
   Level 1.1 Crossbows
 + Level 8.2 Armour
 + Level 4.9 Dodging
   Level 2.4 Shields


You had 6 spell levels left.
You didn't know any spells.
Your spell library was empty.

Dungeon Overview and Level Annotations

Branches:
Dungeon (5/15)
 Temple: D:4-7

Altars:


Innate Abilities, Weirdness & Mutations

You reflexively headbutt those who attack you in melee.
You have a pair of horns on your head.


Message History

The ice beast freezes you!
* * * LOW HITPOINT WARNING * * *
You hit the ice beast but do no damage.
The crimson imp blinks!
The orc closely misses you. The ice beast closely misses you.
You closely miss the ice beast. Your headbutt misses the ice beast.
The crimson imp blinks!
The ice beast hits you but does no damage.
The orc barely misses you.
You sock the ice beast!
The ice beast is heavily wounded.
The ice beast closely misses you.
The orc hits you from afar with a cursed -3 trident.
* * * LOW HITPOINT WARNING * * *
The ice beast hits you but does no damage.
You closely miss the ice beast.
The ice beast is heavily wounded.
The orc hits you but does no damage. The ice beast hits you.
* * * LOW HITPOINT WARNING * * *
The ice beast freezes you!
You die...

#......).....###.
..........≈....##!##...
####.#####.#....#.#....
.. #...#.##.##.#.
....######..####...####
.. ........##$...$...$#
. ......#..####oZ.####
.###....§.#.##o##.#.
#....#...@Y.#....
#....5...##(##...
#.....#...###....
#......###..#.....
#....### ##.......
#.... ....... #..
##..... #. .####


You could see an ice beast, an orc wizard, a crimson imp, an orc and a hound
skeleton.

Vanquished Creatures
  Sigmund (D:2)
  A sky beast (D:5)
  An ogre (D:5)
  2 scorpions (D:4)
  3 howler monkeys (D:4)
  A centaur skeleton (D:4)
  A worker ant (D:4)
  8 adders
  8 gnolls (D:2)
  A howler monkey skeleton (D:4)
  A river rat (D:4)
  2 adder skeletons (D:4)
  2 worms (D:2)
  A dart slug (D:1)
  5 leopard geckos
  8 orcs
  11 bats
  11 goblins
  7 hobgoblins
  5 frilled lizards
  6 kobolds
  6 rats
92 creatures vanquished.

Notes
Turn   | Place    | Note
-------+----------+-------------------------------------------
     0 | D:1      | Kagalorn the Minotaur Wanderer began the quest for the Orb.
     0 | D:1      | Kagalorn set off with the following items: a +0 club, a
                  | potion of curing, a potion of lignification, a +2 scale
                  | mail, a ration
     0 | D:1      | Reached XP level 1. HP: 16/16 MP: 0/0
   227 | D:1      | You fall into a shaft and drop 1 floor!
   232 | D:2      | Reached skill level 1 in Dodging
   232 | D:2      | Reached XP level 2. HP: 24/24 MP: 1/1
  1178 | D:1      | Reached XP level 3. HP: 27/29 MP: 2/2
  1395 | D:2      | Noticed Sigmund
  1465 | D:2      | Killed Sigmund
  1465 | D:2      | Reached skill level 7 in Armour
  1465 | D:2      | Reached XP level 4. HP: 7/40 MP: 3/3
  1465 | D:2      | Reached XP level 5. HP: 8/46 MP: 4/4
  2357 | D:2      | Reached XP level 6. HP: 52/52 MP: 5/5
  3826 | D:4      | Reached skill level 5 in Fighting
  3826 | D:4      | Reached XP level 7. HP: 58/61 MP: 6/6
  4173 | D:4      | Reached skill level 8 in Armour
  4353 | D:5      | Entered Level 5 of the Dungeon
  4393 | D:5      | Slain by an ice beast

Levels and vault maps discovered:
D:1:      psy_arrival_spokes, layout_basic
D:2:      layout_basic, wad_woods_river_04, minmay_tromino_mix6, uniq_sigmund
D:3:      layout_basic
D:4:      layout_loops_ring, gup_sewer_entry_spiral
D:5:      layout_basic, first_ration, basic_altar,
          minmay_fractal_squares_gapless_5, uniq_blork_the_orc, uniq_eustachio

Skill      XL: |  1  2  3  4  5  6  7 |
---------------+----------------------+-----
Dodging        | 1 3 4 |  4.9
Fighting       | 2 3 4 5 |  5.5
Armour         | 7 8 |  8.2
Axes           | 2 4 |  4.1
Crossbows      | |  1.1
Shields        | |  2.4

Action                   |  1- 3 |  4- 6 |  7- 9 || total
-------------------------+-------+-------+-------++-------
Melee: Unarmed           |    85 |       |       ||    85
       Headbutt          |    19 |    16 |     5 ||    40
       Spear             |    61 |    51 |       ||   112
       Halberd           |       |    46 |       ||    46
       Quarterstaff      |       |    54 |    67 ||   121
  Use: Potion            |     2 |       |       ||     2
       Scroll            |       |       |     6 ||     6
  Eat: Chunk             |     2 |     4 |     1 ||     7
       Ration            |       |     1 |       ||     1
Armor: Scale mail        |    45 |    59 |    37 ||   141
       Skin              |    15 |       |       ||    15
Dodge: Dodged            |    72 |    86 |    48 ||   206
